 Dungeon Crawl Stone Soup version 0.26.0-18-gc5c842f807 (webtiles) character file.

Game seed: 12629071520182309257

1157 kaeus the Firebug (level 8, -3/41 HPs)
             Began as a Gargoyle Fire Elementalist on Jan 23, 2021.
             Slain by an elf zombie (6 damage)
             ... in an ossuary.
             The game lasted 00:12:38 (6876 turns).

kaeus the Firebug (Gargoyle Fire Elementalist)      Turns: 6876, Time: 00:12:38

Health: -3/41      AC: 19    Str: 10 (13) XL:     8   Next: 39%
Magic:  11/15      EV: 11    Int: 15 (17) God:
Gold:   356        SH:  0    Dex:  7 (10) Spells: 6/16 levels left

rFire    . . .     SeeInvis .   t - +6 dire flail (protect)
rCold    . . .     Faith    .   (shield currently unavailable)
rNeg     + . .     Spirit   .   s - +1 leather armour
rPois    ∞         Reflect  .   (no helmet)
rElec    +         Harm     .   (no cloak)
rCorr    .         Rampage  .   l - +2 pair of gloves
Will     .....                  (no boots)
Stlth    +.........             z - amulet of the acrobat
HPRegen  0.13/turn              h - ring of wizardry
MPRegen  0.14/turn              (no ring)

@: protection aura, very slightly contaminated, studying Crossbows, invisible
A: negative energy resistance 1, electricity resistance, unbreathing,
petrification resistance, miasma immunity, AC +5
a: no special abilities


You were in an ossuary.
You visited 1 branch of the dungeon, and saw 6 of its levels.
You also visited: Ossuary.

You collected 356 gold pieces.

Inventory:

Hand Weapons
 c - a +2 dagger of venom
 t - a +6 dire flail of protection (weapon)
Armour
 l - a +2 pair of gloves (worn)
 r - a +0 kite shield
 s - a +1 leather armour (worn)
Jewellery
 h - a ring of wizardry (left hand)
 z - an amulet of the acrobat (around neck)
Wands
 y - a wand of digging (8)
 B - a wand of flame (14)
Scrolls
 b - 3 scrolls of enchant armour
 f - a scroll of immolation {unknown}
 i - a scroll of noise {unknown}
 j - 6 scrolls of teleportation
 k - 3 scrolls of amnesia {unknown}
 m - 2 scrolls of random uselessness {unknown}
 n - 2 scrolls of fear {unknown}
 o - 8 scrolls of remove curse
 p - a scroll of vulnerability {unknown}
 x - a scroll of fog {unknown}
 A - 2 scrolls of summoning
Potions
 g - 3 potions of flight
Books
 w - a manual of Crossbows


   Skills:
 - Level 1.5 Dodging
 - Level 2.1 Stealth
 + Level 1.2 Shields
 + Level 4.6 Spellcasting
 + Level 5.2 Conjurations
 * Level 7.5 Fire Magic


You had 6 spell levels left.
You knew the following spells:

 Your Spells              Type           Power        Failure   Level
a - Foxfire               Conj/Fire      88%          1%          1
b - Sticky Flame          Conj/Fire      22%          7%          4
c - Fireball              Conj/Fire      11%          19%         5

Your spell library contained the following spells:

 Spells                   Type           Power        Failure   Level
 Conjure Flame            Conj/Fire      22%          1%          3
 Inner Flame              Hex/Fire       14%          6%          3


Dungeon Overview and Level Annotations

Branches:
Dungeon (6/15)            Ossuary (1/1)
 Temple: D:4-7

Altars:
Ashenzari
Dithmenos
Kikubaaqudgha
Qazlal
Uskayaw
Vehumet
Xom
Yredelemnul


Innate Abilities, Weirdness & Mutations

You are resistant to torment.
Your stone body is resilient. (AC +5)
You are immune to poison.
You resist negative energy. (rN+)
You are resistant to electric shocks. (rElec)
You can survive without breathing.
You are immune to petrification.
You are immune to miasma.


Message History

The elf zombie is severely damaged.
The elf zombie hits you but does no damage.
The human zombie closely misses you.
You now have 2/41 hp.
Casting: Foxfire (safe; 1% risk of failure)
Confirm with . or Enter, or press ? or * to list all spells.
You conjure some foxfire!
The elf zombie hits you but does no damage.
The elf zombie barely misses you. The human zombie completely misses you.
You now have 11/15 mp.
You closely miss the elf zombie.
The elf zombie is lightly damaged.
The foxfire hits the elf zombie!
The elf zombie is moderately damaged.
The foxfire hits the human zombie.
The human zombie is lightly damaged.
The elf zombie closely misses you.
The elf zombie hits you but does no damage.
The elf zombie hits you.
You die...

...............
...............
...............
...............
...............
...............
......ZZ.......
......Z@∩......
........Z......
...............
...............
...............
...............
...............
...............


You could see 3 elf zombies and a human zombie.

Vanquished Creatures
  Eustachio (D:5)
  Edmund (D:4)
  2 ogres (D:5)
  A bullfrog (D:5)
  A hound (D:2)
  2 orc priests (D:4)
  4 orc wizards
  A human zombie (Ossuary)
  Crazy Yiuf (D:3)
  3 jellies
  2 worker ants
  A big kobold zombie (Ossuary)
  A hound zombie (Ossuary)
  A worker ant zombie (D:5)
  3 gnolls
  10 adders
  A white imp (D:5)
  3 oozes
  A worm (D:3)
  A leopard gecko (D:3)
  15 orcs
  2 ball pythons
  5 bats
  A bat skeleton (D:6)
  A bat zombie (D:6)
  2 giant cockroaches
  3 gnoll zombies
  6 hobgoblins
  4 jackals
  4 quokkas
  5 frilled lizards
  5 goblins
  2 goblin zombies (Ossuary)
  5 kobolds
  A kobold zombie (Ossuary)
  8 rats
  A rat zombie (Ossuary)
111 creatures vanquished.

Vanquished Creatures (collateral kills)
  An adder (D:6)
  An orc (D:6)
  A bat zombie (D:6)
3 creatures vanquished.

Vanquished Creatures (others)
  334 foxfires
334 creatures vanquished.

Grand Total: 448 creatures vanquished

Notes
Turn   | Place    | Note
-------+----------+-------------------------------------------
     0 | D:1      | kaeus the Gargoyle Fire Elementalist began the quest for
                  | the Orb.
     0 | D:1      | Reached XP level 1. HP: 10/10 MP: 3/3
   355 | D:1      | Found a broken altar of Ashenzari.
   423 | D:1      | Reached XP level 2. HP: 8/15 MP: 0/5
  1391 | D:2      | Reached XP level 3. HP: 17/19 MP: 2/6
  1444 | D:2      | Reached skill level 4 in Fire Magic
  1444 | D:2      | Reached XP level 4. HP: 17/24 MP: 1/7
  2153 | D:1      | Reached XP level 5. HP: 13/28 MP: 6/9
  2809 | D:2      | Found a stormy altar of Qazlal.
  3558 | D:3      | Reached skill level 5 in Fire Magic
  3717 | D:3      | Reached XP level 6. HP: 22/32 MP: 2/10
  4264 | D:3      | Learned a level 4 spell: Sticky Flame
  4361 | D:3      | Found a radiant altar of Vehumet.
  4469 | D:3      | Found a runed translucent door.
  4470 | D:3      | Noticed Crazy Yiuf
  4768 | D:3      | Killed Crazy Yiuf
  4977 | D:4      | Found a basalt altar of Yredelemnul.
  5109 | D:4      | Noticed Edmund
  5130 | D:4      | Killed Edmund
  5131 | D:4      | Reached XP level 7. HP: 29/36 MP: 1/12
  5183 | D:4      | Reached skill level 6 in Fire Magic
  5496 | D:4      | Found a shadowy altar of Dithmenos.
  5499 | D:4      | Found a shimmering altar of Xom.
  5729 | D:5      | Entered Level 5 of the Dungeon
  5729 | D:5      | Noticed Eustachio
  5743 | D:5      | Killed Eustachio
  5840 | D:5      | Found a hide-covered altar of Uskayaw.
  6233 | D:5      | Reached XP level 8. HP: 40/41 MP: 10/14
  6237 | D:5      | Reached skill level 7 in Fire Magic
  6239 | D:5      | Reached skill level 5 in Conjurations
  6311 | D:5      | Learned a level 5 spell: Fireball
  6758 | D:6      | Found an ancient bone altar of Kikubaaqudgha.
  6812 | D:6      | Found a sand-covered staircase.
  6821 | Ossuary  | Entered an ossuary
  6837 | Ossuary  | Reached skill level 1 in Shields
  6863 | Ossuary  | HP: 3/61 [kobold zombie (2)]
  6869 | Ossuary  | HP: 3/61 [elf zombie (5)]
  6876 | Ossuary  | Slain by an elf zombie

Illustrated notes

Levels and vault maps discovered:
D:1:      nicolae_arrival_somewhat_less_tricky_arrival, layout_loops_ring,
          evilmike_ruin_ashenzari
D:2:      layout_basic, serial_curves, eino_curves_02, eino_curves_01,
          nicolae_qazlal_general_emergency
D:3:      layout_loops_cross, lemuel_crystal_altar, uniq_crazy_yiuf_cottage
D:4:      layout_loops_ring, lemuel_zombie_altar_yredelemnul, minitemple,
          uniq_edmund
D:5:      layout_basic, basic_altar, minmay_manual_mess, uniq_eustachio
D:6:      layout_rooms, kennysheep_vampire_church, serial_shops, shop,
          nicolae_ossuary_entry_ruins, grunt_decor_cap,
          kennysheep_cluttered_room, minmay_splitting_lines
Ossuary:  ossuary_minmay_tomb_2a

Skill      XL: |  1  2  3  4  5  6  7  8 |
---------------+-------------------------+-----
Conjurations   | 2 3 4 5 |  5.2
Fire Magic     | 4 5 6 7 |  7.5
Spellcasting   | 3 4 |  4.6
Shields        | 1 |  1.2
Dodging        | |  1.5
Stealth        | |  2.1

Action                   |  1- 3 |  4- 6 |  7- 9 || total
-------------------------+-------+-------+-------++-------
Melee: Short sword       |    12 |       |       ||    12
       Unarmed           |     7 |       |       ||     7
       Club              |     1 |       |       ||     1
       Dagger            |     9 |    71 |    13 ||    93
       Dire flail        |       |       |    68 ||    68
 Cast: Foxfire           |    45 |   153 |    68 ||   266
  Use: Scroll            |       |       |    13 ||    13
       Potion            |       |       |     8 ||     8
 Stab: Sleeping          |       |       |     1 ||     1
       Invisible         |       |       |     2 ||     2
Armor: Robe              |    14 |    16 |       ||    30
       Leather armour    |       |    16 |    81 ||    97
       Skin              |       |       |   193 ||   193
Dodge: Dodged            |    27 |    37 |   210 ||   274
